 Dungeon Crawl Stone Soup version 0.24.0-28-g17ded55e90 (webtiles) character file.

Game seed: 9631042316268635335, levelgen mode: deterministic

44 Edwards80 the Firebug (level 3, -3/26 HPs)
             Began as a Hill Orc Fire Elementalist on Nov 11, 2019.
             Slain by an adder (4 damage)
             ... on level 2 of the Dungeon.
             The game lasted 00:03:41 (747 turns).

Edwards80 the Firebug (Hill Orc Fire Elementalist)   Turns: 747, Time: 00:03:41

Health: -3/26      AC:  2    Str: 10    XL:     3   Next: 60%
Magic:  3/6        EV: 12    Int: 16    God:
Gold:   76         SH:  0    Dex: 11    Spells: 5/6 levels left

rFire    . . .     SeeInvis .   f - -2 dagger (curse)
rCold    . . .     Gourm    .   (no shield)
rNeg     . . .     Faith    .   b - +0 robe
rPois    .         Spirit   .   (no helmet)
rElec    .         Reflect  .   (no cloak)
rCorr    .         Harm     .   (no gloves)
MR       .....                  (no boots)
Stlth    ++........             d - amulet of rage
HPRegen  0.08/turn              (no ring)
MPRegen  0.10/turn              (no ring)

@: lethally poisoned (-3 -> -8)
A: no striking features
a: Evoke Berserk Rage


You were on level 2 of the Dungeon.
You were not hungry.

You visited 1 branch of the dungeon, and saw 2 of its levels.

You collected 76 gold pieces.

Inventory:

Hand Weapons
 a - a +0 dagger
 f - a cursed -2 dagger (weapon)
 k - a +2 quarterstaff of chaos
Missiles
 h - 8 boomerangs (quivered)
Armour
 b - a +0 robe (worn)
Jewellery
 d - an amulet of rage (around neck)
Wands
 j - a wand of polymorph (7)
Potions
 e - 2 potions of degeneration {unknown}
 i - 2 potions of flight {unknown}
Comestibles
 c - 6 rations
 g - a chunk of flesh


   Skills:
 - Level 1.5 Dodging
 - Level 1.5 Stealth
 + Level 2.0 Spellcasting
 - Level 1.0 Conjurations
 + Level 4.5 Fire Magic


You had 5 spell levels left.
You knew the following spells:

 Your Spells              Type           Power        Failure   Level  Hunger
a - Flame Tongue          Conj/Fire      ##...        7%          1    #......

Your spell library contained the following spells:

 Spells                   Type           Power        Failure   Level  Hunger
 Throw Flame              Conj/Fire      ##....       10%         2    ###....
 Conjure Flame            Conj/Fire      ##......     21%         3    ###....
 Inner Flame              Hex/Fire       #.......     24%         3    ###....
 Sticky Flame             Conj/Fire      ##......     54%         4    #####..
 Fireball                 Conj/Fire      ##........   88%         5    ######.


Dungeon Overview and Level Annotations

Branches:
Dungeon (2/15)

Altars:


Message History

* * * LOW HITPOINT WARNING * * *
You feel sick.
The adder bites you but does no damage. x2
Casting: Flame Tongue (safe; 7% risk of failure)
Confirm with . or Enter, or press ? or * to list all spells.
Aiming: Flame Tongue (safe; 7% risk of failure)
Press: ? - help, Shift-Dir - straight line, f/p - adder
Aim: an adder (severely wounded)
The flame tongue misses the adder.
* * * LOW HITPOINT WARNING * * *
You feel sick. The adder barely misses you.
Casting: Flame Tongue (safe; 7% risk of failure)
Confirm with . or Enter, or press ? or * to list all spells.
Aiming: Flame Tongue (safe; 7% risk of failure)
Press: ? - help, Shift-Dir - straight line, f/p - adder
Aim: an adder (severely wounded)
The flame tongue hits the adder.
The adder is almost dead.
* * * LOW HITPOINT WARNING * * *
You feel sick. The adder bites you.
You die...

######.#######
.............#
.............#
.............#
.............#
.............#
.............#
.......S@....#
.............#
##########...#
#...# #####
#...# #..)#
#...# #...#
#...# ####
#...# #...#
...# ##[##
#..##


You could see an adder.

Vanquished Creatures
  Crazy Yiuf (D:2)
  A dart slug (D:2)
  A giant cockroach (D:1)
  A goblin (D:2)
  A hobgoblin (D:1)
  5 bats (D:1)
  5 frilled lizards
  A rat (D:1)
16 creatures vanquished.

Notes
Turn   | Place    | Note
-------+----------+-------------------------------------------
     0 | D:1      | Edwards80 the Hill Orc Fire Elementalist began the quest
                  | for the Orb.
     0 | D:1      | Reached XP level 1. HP: 14/14 MP: 3/3
   361 | D:1      | Reached XP level 2. HP: 20/20 MP: 4/4
   474 | D:2      | Found a runed translucent door.
   475 | D:2      | Noticed Crazy Yiuf
   482 | D:2      | HP: 1/20 [Crazy Yiuf/+2 quarterstaff of chaos (9)]
   483 | D:2      | Killed Crazy Yiuf
   483 | D:2      | Reached skill level 4 in Fire Magic
   483 | D:2      | Reached XP level 3. HP: 2/26 MP: 0/6
   747 | D:2      | HP: 1/26 [poisoned by an adder]
   747 | D:2      | Slain by an adder

Levels and vault maps discovered:
D:1:      lightli_arrival_windingriver, layout_basic
D:2:      layout_basic, uniq_crazy_yiuf_cottage

Skill      XL: |  1  2 |
---------------+-------+-----
Spellcasting   | 2 |  2.0
Fire Magic     | 4 |  4.5
Dodging        | |  1.5
Stealth        | |  1.5
Conjurations   | |  1.0

Action                   || total
-------------------------++-------
Melee: Dagger            ||    11
Throw: Boomerang         ||     8
 Cast: Flame Tongue      ||    30
  Use: Scroll            ||     1
Armor: Robe              ||    10
Dodge: Dodged            ||    17
